[ AOE2 MATCH · #481627837 ]
Team RMSaracens vs Teutons
[ REPLAY ANALYSIS · EXTRACTED FROM THE RECORDED GAME ]
Feudal
13:50
Castle
28:20
Imperial
50:35
| APM avg | 8.5 |
| APM peak | 28 |
| eAPM avg | 7.4 |
| Villagers / military | 85 / 75 |
Focus
⚔️ 31.6% · 🌾 68.4%
Cavalry Archer ×22 · Trade Cart ×20 · Spearman ×16 · Mameluke ×10 · Camel Scout ×10 · Knight ×5
Feudal
11:45
Castle
16:01
Imperial
33:00
| APM avg | 33.3 |
| APM peak | 101 |
| eAPM avg | 22.7 |
| Villagers / military | 234 / 360 |
Focus
⚔️ 41.7% · 🌾 58.3%
Knight ×343 · Trade Cart ×35 · Battering Ram ×13 · Throwing Axeman ×4
Feudal
15:01
Castle
29:38
Imperial
53:43
| APM avg | 27.0 |
| APM peak | 263 |
| eAPM avg | 19.6 |
| Villagers / military | 131 / 117 |
Focus
⚔️ 23.8% · 🌾 76.2%
Trade Cart ×50 · Boyar ×37 · Spearman ×26 · Scorpion ×19 · Archer ×11 · Mangonel ×7
Feudal
11:50
Castle
19:05
Imperial
33:54
| APM avg | 14.4 |
| APM peak | 133 |
| eAPM avg | 11.5 |
| Villagers / military | 113 / 740 |
Focus
⚔️ 40.3% · 🌾 59.7%
Knight ×328 · Scout Cavalry ×291 · Obuch ×43 · Spearman ×35 · Bombard Cannon ×35 · Trade Cart ×20
Feudal
11:02
Castle
19:24
Imperial
41:54
| APM avg | 20.2 |
| APM peak | 54 |
| eAPM avg | 16.6 |
| Villagers / military | 135 / 864 |
Focus
⚔️ 45.0% · 🌾 55.0%
Archer ×528 · Spearman ×269 · War Elephant ×66 · Trade Cart ×20 · Petard ×1
Feudal
11:31
Castle
23:48
Imperial
39:02
| APM avg | 16.5 |
| APM peak | 61 |
| eAPM avg | 11.3 |
| Villagers / military | 313 / 873 |
Focus
⚔️ 51.4% · 🌾 48.6%
Camel Scout ×243 · Spearman ×224 · Scout Cavalry ×211 · Knight ×95 · Kipchak ×69 · Trebuchet (Packed) ×20
Feudal
11:30
Castle
19:49
Imperial
32:21
| APM avg | 13.7 |
| APM peak | 40 |
| eAPM avg | 8.0 |
| Villagers / military | 129 / 128 |
Focus
⚔️ 37.1% · 🌾 62.9%
Ghulam ×97 · Camel Scout ×20 · Trade Cart ×15 · Trebuchet (Packed) ×4 · Cavalry Archer ×3 · Archer ×2
Feudal
18:15
Castle
29:10
Imperial
53:47
| APM avg | 26.9 |
| APM peak | 159 |
| eAPM avg | 19.6 |
| Villagers / military | 163 / 447 |
Focus
⚔️ 47.4% · 🌾 52.6%
Teutonic Knight ×137 · Skirmisher ×110 · Spearman ×89 · Knight ×45 · Trade Cart ×29 · Militia ×22
Match map
Initial resources + every placement click. Lines = walls · curves = elevation contours. ◆ gold · ⬟ stone · ● berries · ✦ relic · ◌ wall gap
Your base· ✓ Closed at 28:20 · 23t walls · 3 gate(s)
救救我吧's base· ✓ Closed at 16:01 · 0t walls · 2 gate(s)
Amon Göth's base· ✓ Closed at 29:38 · 0t walls · 2 gate(s)
nemesisbasileus's base· ✓ Closed at 19:05 · 0t walls · 3 gate(s)
专干老外's base· ✓ Closed at 19:24 · 0t walls · 2 gate(s)
skywalker's base· ✓ Closed at 23:48 · 0t walls · 2 gate(s)
danielcastrokirby's base· ✓ Closed at 19:49 · 0t walls · 3 gate(s)
DeStruction's base· ✓ Closed at 29:10 · 0t walls · 2 gate(s)
Smoothed initial terrain · ◌ = detected wall gap · hover for details
Inputs per minute
— Lukrat - - 救救我吧
Build order — Lukrat
First 150 of 348 actions detected
| 0:08 | Build | House |
| 0:13 | Build | House |
| 0:15 | Build | House |
| 0:17 | Create | Villager (Male) |
| 0:18 | Create | Villager (Male) |
| 0:18 | Create | Villager (Male) |
| 0:18 | Create | Villager (Male) |
| 0:19 | Create | Villager (Male) |
| 0:20 | Research | Loom |
| 0:48 | Build | House |
| 3:48 | Create | Villager (Male) |
| 3:48 | Create | Villager (Male) |
| 3:48 | Create | Villager (Male) |
| 3:49 | Create | Villager (Male) |
| 3:49 | Create | Villager (Male) |
| 4:53 | Build | Mill |
| 5:12 | Create | Villager (Male) |
| 5:12 | Create | Villager (Male) |
| 6:06 | Create | Villager (Male) |
| 6:07 | Create | Villager (Male) |
| 6:12 | Create | Villager (Male) |
| 7:55 | Create | Villager (Male) |
| 7:56 | Create | Villager (Male) |
| 7:56 | Create | Villager (Male) |
| 7:56 | Create | Villager (Male) |
| 7:57 | Create | Villager (Male) |
| 7:57 | Create | Villager (Male) |
| 8:31 | Build | Lumber Camp |
| 9:31 | Create | Villager (Male) |
| 9:57 | Create | Villager (Male) |
| 10:09 | Build | Mining Camp |
| 10:32 | Build | Mining Camp |
| 11:01 | Build | Barracks |
| 11:40 | Research | Feudal Age |
| 13:00 | Build | House |
| 13:28 | Build | Lumber Camp |
| 13:37 | Build | House |
| 13:50 | Age | Feudal Age |
| 14:21 | Build | Blacksmith |
| 14:24 | Research | Wheelbarrow |
| 14:28 | Research | Horse Collar |
| 14:31 | Research | Double-Bit Axe |
| 14:42 | Build | Market |
| 15:19 | Create | Villager (Male) |
| 15:19 | Create | Villager (Male) |
| 15:19 | Create | Villager (Male) |
| 15:31 | Build | House |
| 15:34 | Build | House |
| 16:28 | Build | Stone Wall |
| 16:49 | Build | Farm |
| 16:49 | Build | Farm |
| 16:49 | Build | Farm |
| 16:50 | Build | Farm |
| 16:50 | Build | Farm |
| 16:52 | Build | Farm |
| 17:28 | Build | Farm |
| 17:33 | Build | Farm |
| 17:38 | Build | Farm |
| 17:43 | Create | Villager (Male) |
| 17:44 | Create | Villager (Male) |
| 17:44 | Create | Villager (Male) |
| 17:44 | Create | Villager (Male) |
| 18:04 | Build | Farm |
| 18:55 | Create | Villager (Male) |
| 18:55 | Create | Villager (Male) |
| 18:55 | Create | Villager (Male) |
| 20:09 | Create | Villager (Male) |
| 20:09 | Create | Villager (Male) |
| 20:10 | Create | Villager (Male) |
| 20:10 | Create | Villager (Male) |
| 20:11 | Create | Villager (Male) |
| 21:33 | Build | Stable |
| 21:55 | Build | Stable |
| 22:01 | Build | Stable |
| 22:12 | Create | Villager (Male) |
| 22:12 | Create | Villager (Male) |
| 22:13 | Create | Villager (Male) |
| 22:13 | Create | Villager (Male) |
| 22:13 | Create | Villager (Male) |
| 22:31 | Create | Trade Cart |
| 22:32 | Create | Trade Cart |
| 22:32 | Create | Trade Cart |
| 22:32 | Create | Trade Cart |
| 22:32 | Create | Trade Cart |
| 22:50 | Build | Farm |
| 23:15 | Build | Farm |
| 23:40 | Build | House |
| 23:44 | Build | House |
| 23:54 | Build | Farm |
| 23:58 | Research | Fletching |
| 24:05 | Build | Farm |
| 24:11 | Research | Stone Mining |
| 24:14 | Research | Gold Mining |
| 24:31 | Build | Farm |
| 24:38 | Build | House |
| 24:43 | Build | House |
| 24:47 | Build | House |
| 24:51 | Build | House |
| 25:05 | Build | Stable |
| 25:11 | Build | Stable |
| 25:26 | Build | Gate |
| 25:38 | Build | Watch Tower |
| 25:40 | Research | Castle Age |
| 27:21 | Create | Trade Cart |
| 27:21 | Create | Trade Cart |
| 27:21 | Create | Trade Cart |
| 27:21 | Create | Trade Cart |
| 27:23 | Create | Trade Cart |
| 27:31 | Research | Forging |
| 27:32 | Research | Scale Barding Armor |
| 27:33 | Research | Padded Archer Armor |
| 27:35 | Research | Scale Mail Armor |
| 27:40 | Research | Arson |
| 27:41 | Research | Man-at-Arms (upgrade) |
| 28:03 | Research | Bloodlines |
| 28:20 | Age | Castle Age |
| 28:34 | Research | Heavy Plow |
| 28:46 | Build | Town Center |
| 28:57 | Research | Caravan |
| 29:37 | Build | Castle |
| 29:54 | Research | Husbandry |
| 30:37 | Research | Hand Cart |
| 31:45 | Build | Monastery |
| 31:51 | Build | University |
| 32:01 | Research | Gold Shaft Mining |
| 32:06 | Research | Bow Saw |
| 32:11 | Create | Villager (Male) |
| 32:11 | Create | Villager (Male) |
| 32:11 | Create | Villager (Male) |
| 32:12 | Create | Villager (Male) |
| 32:15 | Create | Villager (Male) |
| 32:37 | Build | Castle |
| 32:42 | Build | House |
| 32:44 | Build | House |
| 32:46 | Build | House |
| 32:56 | Create | Monk |
| 33:13 | Create | Mameluke |
| 33:13 | Create | Mameluke |
| 33:13 | Create | Mameluke |
| 33:14 | Create | Mameluke |
| 33:15 | Create | Mameluke |
| 33:36 | Research | Ballistics |
| 33:39 | Research | Masonry |
| 34:09 | Build | House |
| 34:10 | Build | House |
| 34:11 | Build | House |
| 34:13 | Build | House |
| 34:14 | Build | House |
| 34:15 | Build | House |
| 34:17 | Build | House |
Build order — 救救我吧
First 150 of 885 actions detected
| 0:06 | Build | House |
| 0:16 | Build | House |
| 0:16 | Create | Villager (Male) |
| 0:17 | Create | Villager (Male) |
| 0:17 | Create | Villager (Male) |
| 0:17 | Create | Villager (Male) |
| 1:36 | Build | Lumber Camp |
| 2:01 | Create | Villager (Male) |
| 2:22 | Create | Villager (Male) |
| 2:22 | Create | Villager (Male) |
| 2:45 | Create | Villager (Male) |
| 3:43 | Create | Villager (Male) |
| 3:44 | Create | Villager (Male) |
| 4:14 | Build | House |
| 4:43 | Build | Mill |
| 4:53 | Create | Villager (Male) |
| 4:53 | Create | Villager (Male) |
| 4:53 | Create | Villager (Male) |
| 4:57 | Create | Villager (Male) |
| 6:05 | Create | Villager (Male) |
| 6:05 | Create | Villager (Male) |
| 6:05 | Create | Villager (Male) |
| 7:18 | Create | Villager (Male) |
| 7:19 | Create | Villager (Male) |
| 7:19 | Create | Villager (Male) |
| 8:08 | Create | Villager (Male) |
| 8:08 | Create | Villager (Male) |
| 8:09 | Create | Villager (Male) |
| 8:19 | Build | House |
| 8:59 | Create | Villager (Male) |
| 8:59 | Create | Villager (Male) |
| 9:00 | Create | Villager (Male) |
| 9:10 | Research | Feudal Age |
| 9:10 | Research | Feudal Age |
| 10:02 | Build | Farm |
| 11:45 | Age | Feudal Age |
| 12:10 | Build | Market |
| 12:20 | Build | Blacksmith |
| 12:22 | Create | Villager (Male) |
| 12:23 | Create | Villager (Male) |
| 13:01 | Research | Double-Bit Axe |
| 13:18 | Build | Farm |
| 13:21 | Research | Castle Age |
| 13:22 | Research | Castle Age |
| 13:28 | Build | Farm |
| 13:53 | Build | Farm |
| 14:04 | Build | Farm |
| 14:17 | Build | Lumber Camp |
| 14:36 | Build | House |
| 15:26 | Build | House |
| 16:01 | Age | Castle Age |
| 16:13 | Build | Town Center |
| 16:20 | Build | Town Center |
| 16:41 | Create | Villager (Male) |
| 16:42 | Create | Villager (Male) |
| 16:43 | Create | Villager (Male) |
| 16:43 | Create | Villager (Male) |
| 16:51 | Research | Bow Saw |
| 17:13 | Build | Farm |
| 17:16 | Build | Farm |
| 17:24 | Build | Farm |
| 17:40 | Build | Farm |
| 17:48 | Create | Villager (Male) |
| 17:48 | Create | Villager (Male) |
| 17:52 | Create | Villager (Male) |
| 17:53 | Create | Villager (Male) |
| 18:00 | Build | Farm |
| 18:08 | Create | Villager (Male) |
| 18:08 | Create | Villager (Male) |
| 18:27 | Create | Villager (Male) |
| 18:35 | Build | Farm |
| 18:37 | Create | Villager (Male) |
| 18:37 | Create | Villager (Male) |
| 18:58 | Build | Farm |
| 18:59 | Create | Villager (Male) |
| 18:59 | Create | Villager (Male) |
| 19:13 | Build | Farm |
| 19:15 | Build | Farm |
| 19:16 | Build | Farm |
| 19:18 | Create | Villager (Male) |
| 19:18 | Create | Villager (Male) |
| 19:32 | Build | Farm |
| 19:33 | Create | Villager (Male) |
| 19:33 | Create | Villager (Male) |
| 19:33 | Create | Villager (Male) |
| 19:37 | Build | Farm |
| 19:57 | Create | Villager (Male) |
| 19:58 | Create | Villager (Male) |
| 20:00 | Build | Farm |
| 20:15 | Build | Farm |
| 20:16 | Build | Farm |
| 20:18 | Create | Villager (Male) |
| 20:18 | Create | Villager (Male) |
| 20:19 | Create | Villager (Male) |
| 20:21 | Build | Farm |
| 20:23 | Create | Villager (Male) |
| 20:31 | Build | Farm |
| 20:32 | Create | Villager (Male) |
| 20:32 | Create | Villager (Male) |
| 20:40 | Create | Villager (Male) |
| 20:40 | Create | Villager (Male) |
| 20:46 | Create | Villager (Male) |
| 20:46 | Create | Villager (Male) |
| 20:51 | Build | Farm |
| 20:52 | Create | Villager (Male) |
| 21:07 | Build | House |
| 21:08 | Build | House |
| 21:22 | Create | Villager (Male) |
| 21:22 | Create | Villager (Male) |
| 21:22 | Create | Villager (Male) |
| 21:22 | Create | Villager (Male) |
| 21:23 | Create | Villager (Male) |
| 21:24 | Create | Villager (Male) |
| 21:37 | Build | Stone Wall |
| 22:14 | Create | Villager (Male) |
| 22:14 | Create | Villager (Male) |
| 22:15 | Create | Villager (Male) |
| 22:15 | Create | Villager (Male) |
| 22:15 | Create | Villager (Male) |
| 22:16 | Create | Villager (Male) |
| 22:21 | Build | Farm |
| 22:41 | Build | House |
| 22:43 | Build | House |
| 22:47 | Build | House |
| 22:49 | Create | Villager (Male) |
| 22:49 | Create | Villager (Male) |
| 22:50 | Create | Villager (Male) |
| 22:50 | Create | Villager (Male) |
| 23:02 | Build | Town Center |
| 23:27 | Research | Wheelbarrow |
| 23:27 | Research | Wheelbarrow |
| 23:29 | Research | Loom |
| 23:29 | Research | Loom |
| 23:32 | Create | Villager (Male) |
| 23:32 | Create | Villager (Male) |
| 23:43 | Build | Barracks |
| 23:47 | Create | Villager (Male) |
| 23:47 | Create | Villager (Male) |
| 23:47 | Create | Villager (Male) |
| 23:48 | Create | Villager (Male) |
| 23:48 | Create | Villager (Male) |
| 23:48 | Create | Villager (Male) |
| 23:49 | Create | Villager (Male) |
| 23:51 | Create | Villager (Male) |
| 23:51 | Create | Villager (Male) |
| 23:52 | Create | Villager (Male) |
| 23:52 | Create | Villager (Male) |
| 23:52 | Create | Villager (Male) |
| 23:53 | Create | Villager (Male) |
| 23:56 | Create | Villager (Male) |
Build order — Amon Göth
First 150 of 474 actions detected
| 0:09 | Build | House |
| 0:11 | Build | House |
| 0:13 | Build | House |
| 0:17 | Create | Villager (Male) |
| 0:17 | Create | Villager (Male) |
| 0:17 | Create | Villager (Male) |
| 1:49 | Build | Lumber Camp |
| 1:56 | Create | Villager (Male) |
| 2:19 | Create | Villager (Male) |
| 2:51 | Create | Villager (Male) |
| 3:18 | Create | Villager (Male) |
| 3:47 | Create | Villager (Male) |
| 4:08 | Create | Villager (Male) |
| 5:04 | Create | Villager (Male) |
| 5:37 | Build | Mill |
| 6:04 | Create | Villager (Male) |
| 6:29 | Create | Villager (Male) |
| 6:48 | Build | Farm |
| 6:59 | Build | Mining Camp |
| 7:05 | Create | Villager (Male) |
| 7:14 | Build | Farm |
| 7:30 | Build | House |
| 7:31 | Build | House |
| 7:31 | Build | House |
| 7:33 | Build | House |
| 7:33 | Build | House |
| 7:34 | Build | House |
| 7:34 | Build | House |
| 7:41 | Create | Villager (Male) |
| 8:14 | Build | Farm |
| 8:19 | Create | Villager (Male) |
| 8:36 | Create | Villager (Male) |
| 8:54 | Build | Farm |
| 9:08 | Create | Villager (Male) |
| 9:19 | Create | Villager (Male) |
| 9:38 | Create | Villager (Male) |
| 10:05 | Create | Villager (Male) |
| 10:21 | Build | Lumber Camp |
| 11:02 | Create | Villager (Male) |
| 11:14 | Create | Villager (Male) |
| 11:36 | Build | Mining Camp |
| 11:59 | Build | Farm |
| 12:16 | Build | Farm |
| 12:23 | Build | Farm |
| 12:39 | Build | Lumber Camp |
| 12:45 | Create | Villager (Male) |
| 12:51 | Research | Feudal Age |
| 13:43 | Build | Barracks |
| 13:45 | Build | Barracks |
| 14:51 | Create | Villager (Male) |
| 14:51 | Create | Villager (Male) |
| 14:51 | Create | Villager (Male) |
| 15:01 | Age | Feudal Age |
| 15:16 | Research | Horse Collar |
| 15:22 | Research | Gold Mining |
| 15:52 | Build | Farm |
| 15:57 | Build | Farm |
| 16:11 | Create | Villager (Male) |
| 16:11 | Create | Villager (Male) |
| 16:26 | Build | Market |
| 16:29 | Build | Market |
| 16:37 | Research | Man-at-Arms (upgrade) |
| 16:48 | Build | Farm |
| 16:57 | Create | Villager (Male) |
| 17:23 | Build | Archery Range |
| 17:24 | Build | Archery Range |
| 17:28 | Create | Militia |
| 17:39 | Build | Farm |
| 17:48 | Create | Villager (Male) |
| 18:04 | Research | Double-Bit Axe |
| 18:27 | Create | Archer |
| 18:34 | Create | Spearman |
| 18:42 | Create | Militia |
| 18:57 | Build | Farm |
| 19:02 | Create | Villager (Male) |
| 19:03 | Create | Villager (Male) |
| 19:28 | Create | Archer |
| 19:31 | Create | Skirmisher |
| 19:45 | Create | Villager (Male) |
| 19:57 | Build | Mill |
| 20:08 | Create | Villager (Male) |
| 20:31 | Build | Blacksmith |
| 20:35 | Create | Villager (Male) |
| 20:46 | Create | Archer |
| 20:49 | Create | Spearman |
| 20:52 | Create | Archer |
| 20:54 | Create | Militia |
| 20:55 | Create | Spearman |
| 21:11 | Create | Spearman |
| 21:27 | Create | Skirmisher |
| 21:38 | Create | Militia |
| 21:41 | Create | Skirmisher |
| 21:50 | Create | Archer |
| 21:55 | Build | Farm |
| 22:03 | Build | Farm |
| 22:13 | Build | Farm |
| 22:21 | Build | Farm |
| 22:29 | Create | Villager (Male) |
| 22:30 | Create | Villager (Male) |
| 22:59 | Create | Skirmisher |
| 23:08 | Create | Archer |
| 23:10 | Create | Spearman |
| 23:13 | Create | Militia |
| 23:28 | Create | Villager (Male) |
| 23:28 | Create | Villager (Male) |
| 24:48 | Create | Archer |
| 26:12 | Create | Archer |
| 26:12 | Create | Archer |
| 26:19 | Build | House |
| 26:20 | Build | House |
| 26:20 | Build | House |
| 26:20 | Build | House |
| 26:20 | Build | House |
| 26:21 | Build | House |
| 26:21 | Build | House |
| 26:21 | Build | House |
| 26:58 | Research | Castle Age |
| 28:14 | Create | Archer |
| 28:14 | Create | Archer |
| 28:17 | Create | Skirmisher |
| 28:17 | Create | Skirmisher |
| 29:19 | Research | Padded Archer Armor |
| 29:20 | Research | Forging |
| 29:21 | Research | Fletching |
| 29:22 | Research | Scale Mail Armor |
| 29:38 | Age | Castle Age |
| 29:43 | Research | Crossbowman (upgrade) |
| 29:53 | Build | Castle |
| 30:09 | Build | Town Center |
| 30:21 | Research | Bow Saw |
| 30:23 | Research | Heavy Plow |
| 30:29 | Create | Trade Cart |
| 30:29 | Create | Trade Cart |
| 30:30 | Create | Trade Cart |
| 30:30 | Create | Trade Cart |
| 30:51 | Create | Trade Cart |
| 30:51 | Create | Trade Cart |
| 30:52 | Create | Trade Cart |
| 31:02 | Research | Caravan |
| 31:37 | Create | Villager (Male) |
| 31:37 | Create | Villager (Male) |
| 31:37 | Create | Villager (Male) |
| 31:38 | Create | Villager (Male) |
| 31:38 | Create | Villager (Male) |
| 32:37 | Build | Town Center |
| 32:56 | Build | Farm |
| 33:01 | Build | Farm |
| 33:09 | Build | Farm |
| 33:23 | Build | Siege Workshop |
| 33:26 | Build | Siege Workshop |
Build order — nemesisbasileus
First 150 of 480 actions detected
| 0:05 | Build | House |
| 0:09 | Build | House |
| 0:12 | Create | Villager (Male) |
| 0:12 | Create | Villager (Male) |
| 0:12 | Create | Villager (Male) |
| 0:13 | Create | Villager (Male) |
| 0:13 | Create | Villager (Male) |
| 0:14 | Research | Loom |
| 1:46 | Create | Villager (Male) |
| 2:21 | Create | Villager (Male) |
| 2:46 | Create | Villager (Male) |
| 3:10 | Create | Villager (Male) |
| 3:22 | Build | Lumber Camp |
| 3:29 | Create | Villager (Male) |
| 3:52 | Build | House |
| 4:01 | Create | Villager (Male) |
| 4:01 | Create | Villager (Male) |
| 5:08 | Create | Villager (Male) |
| 5:09 | Create | Villager (Male) |
| 6:03 | Create | Villager (Male) |
| 6:04 | Create | Villager (Male) |
| 6:33 | Create | Villager (Male) |
| 6:54 | Create | Villager (Male) |
| 7:28 | Create | Villager (Male) |
| 7:39 | Create | Villager (Male) |
| 7:46 | Build | House |
| 8:20 | Create | Villager (Male) |
| 8:41 | Create | Villager (Male) |
| 8:48 | Build | Mill |
| 9:30 | Research | Feudal Age |
| 9:57 | Build | Mining Camp |
| 10:11 | Build | Mining Camp |
| 10:22 | Build | Farm |
| 10:27 | Build | Farm |
| 10:56 | Build | Farm |
| 10:58 | Build | Farm |
| 11:09 | Create | Villager (Male) |
| 11:10 | Create | Villager (Male) |
| 11:10 | Create | Villager (Male) |
| 11:50 | Age | Feudal Age |
| 11:56 | Build | Market |
| 12:00 | Build | Blacksmith |
| 12:05 | Build | House |
| 12:10 | Create | Villager (Male) |
| 12:21 | Research | Double-Bit Axe |
| 12:35 | Build | Farm |
| 12:38 | Build | Farm |
| 13:21 | Create | Villager (Male) |
| 13:21 | Create | Villager (Male) |
| 14:01 | Build | Farm |
| 14:07 | Create | Villager (Male) |
| 14:25 | Build | Farm |
| 14:30 | Create | Villager (Male) |
| 14:47 | Build | House |
| 15:06 | Create | Villager (Male) |
| 15:17 | Build | Farm |
| 15:22 | Create | Villager (Male) |
| 15:30 | Build | House |
| 15:40 | Build | Farm |
| 15:47 | Create | Villager (Male) |
| 16:04 | Build | Farm |
| 16:22 | Research | Castle Age |
| 16:29 | Build | Farm |
| 16:40 | Build | House |
| 16:48 | Research | Horse Collar |
| 17:05 | Build | Farm |
| 17:08 | Build | Farm |
| 17:13 | Build | Farm |
| 17:19 | Build | House |
| 17:54 | Build | House |
| 18:38 | Build | Barracks |
| 19:05 | Age | Castle Age |
| 19:07 | Research | Bow Saw |
| 19:11 | Research | Heavy Plow |
| 19:19 | Build | Town Center |
| 19:37 | Create | Villager (Male) |
| 19:37 | Create | Villager (Male) |
| 19:38 | Create | Villager (Male) |
| 19:38 | Create | Villager (Male) |
| 19:38 | Create | Villager (Male) |
| 20:03 | Build | Monastery |
| 20:18 | Build | Farm |
| 20:30 | Create | Villager (Male) |
| 20:30 | Create | Villager (Male) |
| 20:30 | Create | Villager (Male) |
| 20:31 | Create | Villager (Male) |
| 20:31 | Create | Villager (Male) |
| 20:37 | Create | Villager (Male) |
| 20:38 | Create | Villager (Male) |
| 20:55 | Create | Monk |
| 20:56 | Create | Monk |
| 21:09 | Build | House |
| 21:25 | Build | Castle |
| 21:38 | Create | Villager (Male) |
| 21:51 | Create | Villager (Male) |
| 22:27 | Build | House |
| 22:35 | Create | Villager (Male) |
| 22:35 | Create | Villager (Male) |
| 22:38 | Create | Villager (Male) |
| 22:38 | Create | Villager (Male) |
| 22:39 | Create | Villager (Male) |
| 23:05 | Build | House |
| 23:10 | Create | Villager (Male) |
| 23:10 | Create | Villager (Male) |
| 23:13 | Create | Villager (Male) |
| 23:14 | Create | Villager (Male) |
| 23:14 | Create | Villager (Male) |
| 23:25 | Build | Town Center |
| 23:36 | Build | Farm |
| 23:37 | Build | Farm |
| 23:40 | Build | Farm |
| 23:41 | Build | Farm |
| 23:42 | Build | Farm |
| 23:44 | Build | Farm |
| 23:45 | Build | Farm |
| 23:46 | Build | Farm |
| 23:52 | Build | Farm |
| 23:53 | Build | Farm |
| 23:55 | Build | Farm |
| 23:56 | Build | Farm |
| 23:58 | Build | Farm |
| 24:05 | Create | Villager (Male) |
| 24:05 | Create | Villager (Male) |
| 24:05 | Create | Villager (Male) |
| 24:06 | Create | Villager (Male) |
| 24:06 | Create | Villager (Male) |
| 24:09 | Create | Villager (Male) |
| 24:10 | Create | Villager (Male) |
| 24:10 | Create | Villager (Male) |
| 24:18 | Build | Town Center |
| 24:23 | Research | Szlachta Privileges |
| 24:35 | Build | Stable |
| 24:41 | Create | Villager (Male) |
| 24:41 | Create | Villager (Male) |
| 24:42 | Create | Villager (Male) |
| 25:08 | Create | Villager (Male) |
| 25:08 | Create | Villager (Male) |
| 25:22 | Build | Farm |
| 25:23 | Build | Farm |
| 25:26 | Build | Farm |
| 25:29 | Build | Farm |
| 25:31 | Build | Farm |
| 25:32 | Build | Farm |
| 25:33 | Build | Farm |
| 25:36 | Build | Farm |
| 25:44 | Create | Villager (Male) |
| 25:45 | Create | Villager (Male) |
| 25:45 | Create | Villager (Male) |
| 25:45 | Create | Villager (Male) |
| 25:45 | Create | Villager (Male) |
Build order — 专干老外
First 150 of 574 actions detected
| 0:05 | Build | House |
| 0:08 | Create | Villager (Male) |
| 0:14 | Create | Villager (Male) |
| 0:14 | Create | Villager (Male) |
| 0:14 | Create | Villager (Male) |
| 0:28 | Build | House |
| 0:42 | Create | Villager (Male) |
| 0:42 | Create | Villager (Male) |
| 1:52 | Create | Villager (Male) |
| 1:52 | Create | Villager (Male) |
| 2:24 | Create | Villager (Male) |
| 2:24 | Create | Villager (Male) |
| 2:50 | Create | Villager (Male) |
| 2:50 | Create | Villager (Male) |
| 3:29 | Create | Villager (Male) |
| 3:29 | Create | Villager (Male) |
| 4:06 | Create | Villager (Male) |
| 4:06 | Create | Villager (Male) |
| 4:06 | Create | Villager (Male) |
| 4:21 | Build | House |
| 4:27 | Build | Mill |
| 4:42 | Create | Villager (Male) |
| 4:43 | Create | Villager (Male) |
| 4:43 | Create | Villager (Male) |
| 4:57 | Create | Villager (Male) |
| 4:57 | Create | Villager (Male) |
| 5:33 | Create | Villager (Male) |
| 5:33 | Create | Villager (Male) |
| 5:34 | Create | Villager (Male) |
| 5:34 | Create | Villager (Male) |
| 5:35 | Create | Villager (Male) |
| 5:35 | Create | Villager (Male) |
| 6:43 | Create | Villager (Male) |
| 6:43 | Create | Villager (Male) |
| 6:43 | Create | Villager (Male) |
| 6:44 | Create | Villager (Male) |
| 6:44 | Create | Villager (Male) |
| 6:44 | Create | Villager (Male) |
| 6:51 | Build | House |
| 7:38 | Build | Lumber Camp |
| 7:49 | Build | Farm |
| 7:49 | Build | Farm |
| 7:50 | Build | Farm |
| 8:25 | Build | Farm |
| 8:58 | Research | Feudal Age |
| 9:14 | Create | Villager (Male) |
| 9:15 | Create | Villager (Male) |
| 9:24 | Build | House |
| 10:14 | Build | Farm |
| 10:58 | Build | Mining Camp |
| 11:02 | Age | Feudal Age |
| 11:04 | Create | Villager (Male) |
| 11:04 | Create | Villager (Male) |
| 11:04 | Create | Villager (Male) |
| 11:30 | Build | Mining Camp |
| 11:32 | Create | Villager (Male) |
| 11:32 | Create | Villager (Male) |
| 11:33 | Create | Villager (Male) |
| 11:45 | Create | Villager (Male) |
| 11:45 | Create | Villager (Male) |
| 12:19 | Create | Villager (Male) |
| 12:20 | Create | Villager (Male) |
| 12:30 | Create | Villager (Male) |
| 12:40 | Build | House |
| 13:06 | Create | Villager (Male) |
| 13:06 | Create | Villager (Male) |
| 13:06 | Create | Villager (Male) |
| 13:26 | Build | House |
| 14:44 | Build | Market |
| 14:50 | Build | Blacksmith |
| 15:23 | Build | Farm |
| 15:29 | Build | Farm |
| 15:32 | Build | Farm |
| 15:36 | Build | Farm |
| 16:15 | Build | Farm |
| 16:16 | Build | Farm |
| 16:17 | Build | Farm |
| 16:58 | Research | Castle Age |
| 17:29 | Build | Farm |
| 17:31 | Build | Farm |
| 19:24 | Age | Castle Age |
| 19:32 | Build | Town Center |
| 19:37 | Build | Castle |
| 19:55 | Research | Forging |
| 20:05 | Create | Villager (Male) |
| 20:05 | Create | Villager (Male) |
| 20:05 | Create | Villager (Male) |
| 20:05 | Create | Villager (Male) |
| 20:06 | Create | Villager (Male) |
| 20:06 | Create | Villager (Male) |
| 20:06 | Create | Villager (Male) |
| 20:06 | Create | Villager (Male) |
| 20:07 | Create | Villager (Male) |
| 20:33 | Create | Villager (Male) |
| 20:34 | Create | Villager (Male) |
| 20:34 | Create | Villager (Male) |
| 20:34 | Create | Villager (Male) |
| 20:35 | Create | Villager (Male) |
| 21:08 | Create | Petard |
| 21:22 | Create | Villager (Male) |
| 21:22 | Create | Villager (Male) |
| 21:24 | Create | Villager (Male) |
| 21:24 | Create | Villager (Male) |
| 21:29 | Build | Lumber Camp |
| 21:41 | Build | Lumber Camp |
| 22:28 | Create | War Elephant |
| 22:36 | Create | Trade Cart |
| 22:36 | Create | Trade Cart |
| 22:37 | Create | Trade Cart |
| 22:46 | Create | Villager (Male) |
| 22:47 | Create | Villager (Male) |
| 22:47 | Create | Villager (Male) |
| 22:47 | Create | Villager (Male) |
| 23:35 | Create | Trade Cart |
| 23:35 | Create | Trade Cart |
| 23:35 | Create | Trade Cart |
| 23:35 | Create | Trade Cart |
| 23:36 | Create | Trade Cart |
| 23:47 | Create | Villager (Male) |
| 23:48 | Create | Villager (Male) |
| 23:48 | Create | Villager (Male) |
| 23:48 | Create | Villager (Male) |
| 23:48 | Create | Villager (Male) |
| 24:12 | Create | Villager (Male) |
| 24:12 | Create | Villager (Male) |
| 24:12 | Create | Villager (Male) |
| 24:12 | Create | Villager (Male) |
| 24:13 | Create | Villager (Male) |
| 24:28 | Build | Castle |
| 24:35 | Create | Villager (Male) |
| 24:35 | Create | Villager (Male) |
| 24:35 | Create | Villager (Male) |
| 24:43 | Build | Farm |
| 24:43 | Build | Farm |
| 24:43 | Build | Farm |
| 24:43 | Build | Farm |
| 24:44 | Build | Farm |
| 24:44 | Build | Farm |
| 24:44 | Build | Farm |
| 24:45 | Build | Farm |
| 24:45 | Build | Farm |
| 24:46 | Build | Farm |
| 24:46 | Build | Farm |
| 24:46 | Build | Farm |
| 24:46 | Build | Farm |
| 24:47 | Build | Farm |
| 24:47 | Build | Farm |
| 24:47 | Build | Farm |
| 24:47 | Build | Farm |
| 24:48 | Build | Farm |
Build order — skywalker
First 150 of 570 actions detected
| 0:04 | Create | Villager (Male) ×4 |
| 0:04 | Create | Villager (Male) ×4 |
| 0:13 | Build | House |
| 0:14 | Build | House |
| 0:15 | Build | House |
| 2:03 | Create | Villager (Male) |
| 2:03 | Create | Villager (Male) |
| 2:03 | Create | Villager (Male) |
| 2:04 | Create | Villager (Male) |
| 2:04 | Create | Villager (Male) |
| 2:04 | Create | Villager (Male) |
| 2:41 | Create | Villager (Male) |
| 2:42 | Create | Villager (Male) |
| 3:02 | Create | Villager (Male) |
| 3:02 | Create | Villager (Male) |
| 3:03 | Create | Villager (Male) |
| 3:03 | Create | Villager (Male) |
| 3:23 | Create | Villager (Male) |
| 3:23 | Create | Villager (Male) |
| 3:41 | Create | Villager (Male) |
| 3:41 | Create | Villager (Male) |
| 4:15 | Create | Villager (Male) |
| 4:15 | Create | Villager (Male) |
| 4:32 | Build | Lumber Camp |
| 4:34 | Create | Villager (Male) |
| 4:35 | Create | Villager (Male) |
| 4:35 | Create | Villager (Male) |
| 4:35 | Create | Villager (Male) |
| 4:36 | Create | Villager (Male) |
| 5:07 | Create | Villager (Male) |
| 5:07 | Create | Villager (Male) |
| 5:42 | Create | Villager (Male) |
| 5:42 | Create | Villager (Male) |
| 6:02 | Create | Villager (Male) |
| 6:40 | Build | House |
| 6:49 | Build | Mill |
| 7:19 | Create | Villager (Male) |
| 7:20 | Create | Villager (Male) |
| 7:20 | Create | Villager (Male) |
| 7:40 | Create | Villager (Male) |
| 8:12 | Create | Villager (Male) |
| 8:14 | Research | Loom |
| 8:33 | Build | House |
| 8:34 | Build | House |
| 8:35 | Build | House |
| 8:36 | Build | House |
| 8:37 | Build | House |
| 9:10 | Research | Feudal Age |
| 9:24 | Build | Farm |
| 9:25 | Build | Farm |
| 9:26 | Build | Farm |
| 9:28 | Build | Farm |
| 9:47 | Build | Farm |
| 11:15 | Create | Villager (Male) ×5 |
| 11:16 | Create | Villager (Male) ×5 |
| 11:16 | Create | Villager (Male) |
| 11:31 | Age | Feudal Age |
| 11:39 | Research | Horse Collar |
| 11:43 | Research | Double-Bit Axe |
| 11:58 | Build | Town Center |
| 12:24 | Build | Farm |
| 12:31 | Build | Farm |
| 12:55 | Build | Farm |
| 13:08 | Build | Farm |
| 13:19 | Build | Farm |
| 13:34 | Create | Villager (Male) |
| 13:34 | Create | Villager (Male) |
| 13:35 | Create | Villager (Male) |
| 13:35 | Create | Villager (Male) |
| 13:42 | Build | Farm |
| 13:54 | Build | House |
| 13:56 | Build | House |
| 14:03 | Create | Villager (Male) ×4 |
| 14:03 | Create | Villager (Male) ×4 |
| 14:03 | Create | Villager (Male) ×4 |
| 14:03 | Create | Villager (Male) ×4 |
| 14:03 | Create | Villager (Male) ×4 |
| 14:39 | Build | Mining Camp |
| 14:46 | Research | Wheelbarrow |
| 14:47 | Create | Villager (Male) |
| 14:47 | Create | Villager (Male) |
| 15:00 | Create | Villager (Male) |
| 15:00 | Create | Villager (Male) |
| 15:26 | Build | Farm |
| 15:28 | Build | Farm |
| 15:29 | Build | Farm |
| 15:33 | Build | Farm |
| 15:45 | Build | Farm |
| 15:54 | Create | Villager (Male) |
| 15:54 | Create | Villager (Male) |
| 15:54 | Create | Villager (Male) |
| 15:54 | Create | Villager (Male) |
| 16:01 | Build | Farm |
| 16:13 | Create | Villager (Male) |
| 16:14 | Create | Villager (Male) |
| 16:21 | Create | Villager (Male) |
| 16:21 | Create | Villager (Male) |
| 16:43 | Build | Market |
| 17:04 | Create | Villager (Male) ×5 |
| 17:08 | Create | Villager (Male) |
| 17:22 | Create | Villager (Male) |
| 17:57 | Build | Farm |
| 17:58 | Build | Farm |
| 18:00 | Build | Farm |
| 18:03 | Build | Farm |
| 18:04 | Build | Farm |
| 18:05 | Build | Farm |
| 18:26 | Build | House |
| 18:28 | Build | House |
| 18:39 | Create | Villager (Male) ×5 |
| 18:40 | Create | Villager (Male) ×5 |
| 18:43 | Create | Villager (Male) |
| 18:50 | Build | Mill |
| 19:19 | Build | Blacksmith |
| 20:14 | Build | House |
| 20:15 | Build | House |
| 20:15 | Build | House |
| 20:16 | Build | House |
| 20:17 | Build | House |
| 20:17 | Build | House |
| 20:40 | Research | Castle Age |
| 20:43 | Create | Villager (Male) ×5 |
| 20:43 | Create | Villager (Male) ×5 |
| 20:43 | Create | Villager (Male) ×5 |
| 20:44 | Create | Villager (Male) ×5 |
| 20:44 | Create | Villager (Male) ×5 |
| 20:44 | Create | Villager (Male) ×5 |
| 20:44 | Create | Villager (Male) ×5 |
| 20:45 | Create | Villager (Male) |
| 20:45 | Create | Villager (Male) |
| 20:45 | Create | Villager (Male) |
| 20:46 | Create | Villager (Male) ×2 |
| 20:56 | Build | Farm |
| 20:58 | Build | Farm |
| 21:00 | Build | Farm |
| 21:11 | Build | Farm |
| 21:21 | Research | Gold Mining |
| 21:22 | Research | Stone Mining |
| 21:36 | Build | Farm |
| 22:39 | Build | Farm |
| 22:40 | Build | Farm |
| 22:42 | Build | Farm |
| 22:44 | Build | Farm |
| 23:06 | Create | Villager (Male) |
| 23:06 | Create | Villager (Male) |
| 23:06 | Create | Villager (Male) |
| 23:07 | Create | Villager (Male) |
| 23:07 | Create | Villager (Male) |
| 23:07 | Create | Villager (Male) |
| 23:08 | Create | Villager (Male) |
Build order — danielcastrokirby
First 150 of 237 actions detected
| 0:08 | Build | House |
| 0:11 | Build | House |
| 0:17 | Build | House |
| 0:23 | Create | Villager (Male) ×4 |
| 1:32 | Create | Villager (Male) |
| 2:07 | Create | Villager (Male) |
| 2:39 | Create | Villager (Male) |
| 2:45 | Create | Villager (Male) |
| 3:26 | Create | Villager (Male) ×2 |
| 3:26 | Create | Villager (Male) ×2 |
| 3:46 | Create | Villager (Male) |
| 4:13 | Build | Lumber Camp |
| 4:26 | Create | Villager (Male) |
| 5:16 | Create | Villager (Male) ×2 |
| 5:58 | Create | Villager (Male) |
| 5:58 | Create | Villager (Male) |
| 5:58 | Create | Villager (Male) |
| 5:59 | Create | Villager (Male) |
| 7:11 | Build | House |
| 8:13 | Build | Mill |
| 9:20 | Research | Feudal Age |
| 11:30 | Age | Feudal Age |
| 11:37 | Research | Double-Bit Axe |
| 11:39 | Research | Horse Collar |
| 11:40 | Research | Horse Collar |
| 11:44 | Create | Villager (Male) ×5 |
| 11:53 | Build | House |
| 11:55 | Build | House |
| 12:06 | Build | Blacksmith |
| 12:17 | Create | Villager (Male) ×3 |
| 12:26 | Build | Farm |
| 12:35 | Build | Market |
| 12:43 | Build | Farm |
| 13:00 | Build | Farm |
| 13:05 | Build | Farm |
| 13:14 | Create | Villager (Male) |
| 13:15 | Create | Villager (Male) |
| 13:42 | Build | Farm |
| 13:52 | Build | Mining Camp |
| 14:05 | Research | Wheelbarrow |
| 14:23 | Build | Farm |
| 14:44 | Build | Farm |
| 15:08 | Build | Farm |
| 16:03 | Build | Farm |
| 17:01 | Research | Castle Age |
| 17:18 | Build | Mining Camp |
| 18:00 | Build | Barracks |
| 18:18 | Research | Stone Mining |
| 18:20 | Research | Gold Mining |
| 19:14 | Build | House |
| 19:49 | Age | Castle Age |
| 19:55 | Build | Town Center |
| 20:18 | Build | Town Center |
| 20:30 | Research | Stone Shaft Mining |
| 20:32 | Research | Heavy Plow |
| 20:35 | Research | Bow Saw |
| 20:43 | Create | Villager (Male) ×4 |
| 20:54 | Create | Villager (Male) ×3 |
| 20:55 | Create | Villager (Male) ×3 |
| 21:28 | Build | Archery Range |
| 21:35 | Build | Farm |
| 21:43 | Create | Villager (Male) ×4 |
| 22:01 | Build | Farm |
| 22:07 | Create | Villager (Male) |
| 22:07 | Create | Villager (Male) |
| 22:15 | Create | Villager (Male) |
| 22:23 | Build | Farm |
| 22:23 | Build | Farm |
| 22:35 | Create | Archer |
| 22:35 | Create | Archer |
| 23:08 | Build | House |
| 23:10 | Build | House |
| 23:16 | Build | Farm |
| 23:22 | Build | Farm |
| 23:28 | Research | Hand Cart |
| 23:37 | Create | Villager (Male) |
| 23:44 | Build | Farm |
| 24:06 | Build | Castle |
| 24:48 | Build | Farm |
| 24:58 | Build | University |
| 25:14 | Build | Stone Wall |
| 25:49 | Create | Cavalry Archer |
| 25:50 | Create | Cavalry Archer |
| 26:23 | Build | Watch Tower |
| 26:39 | Create | Cavalry Archer |
| 29:11 | Research | Imperial Age |
| 29:18 | Build | Farm |
| 29:21 | Research | Murder Holes |
| 29:22 | Research | Ballistics |
| 29:57 | Create | Villager (Male) ×5 |
| 30:08 | Create | Villager (Male) ×5 |
| 31:08 | Build | Farm |
| 31:08 | Build | Farm |
| 31:28 | Create | Villager (Male) ×5 |
| 32:04 | Build | Castle |
| 32:19 | Build | Lumber Camp |
| 32:20 | Create | Villager (Male) ×5 |
| 32:21 | Age | Imperial Age |
| 32:29 | Create | Ghulam |
| 32:31 | Create | Ghulam |
| 32:59 | Create | Ghulam |
| 33:38 | Research | Elite Ghulam (upgrade) |
| 33:49 | Create | Ghulam |
| 33:50 | Create | Ghulam |
| 33:56 | Build | Mining Camp |
| 34:08 | Build | Mining Camp |
| 34:33 | Create | Trebuchet (Packed) |
| 34:45 | Create | Ghulam |
| 34:45 | Create | Ghulam |
| 34:48 | Research | Conscription |
| 34:55 | Research | Gold Shaft Mining |
| 35:12 | Create | Trebuchet (Packed) |
| 35:33 | Create | Ghulam ×5 |
| 36:09 | Build | Mining Camp |
| 36:17 | Research | Two-Man Saw |
| 36:20 | Create | Villager (Male) ×5 |
| 36:20 | Create | Villager (Male) ×5 |
| 36:40 | Create | Ghulam ×5 |
| 37:17 | Create | Trebuchet (Packed) |
| 37:41 | Create | Trebuchet (Packed) |
| 38:31 | Research | Chemistry |
| 38:32 | Research | Siege Engineers |
| 38:46 | Create | Ghulam ×5 |
| 39:28 | Create | Ghulam ×5 |
| 39:33 | Research | Scale Mail Armor |
| 39:33 | Research | Forging |
| 40:48 | Create | Ghulam ×5 |
| 41:01 | Create | Ghulam ×5 |
| 41:22 | Build | Monastery |
| 41:26 | Build | Mining Camp |
| 41:33 | Build | House |
| 41:34 | Build | House |
| 41:35 | Build | House |
| 41:37 | Build | House |
| 41:37 | Build | House |
| 41:38 | Build | House |
| 41:39 | Build | House |
| 41:39 | Build | House |
| 41:41 | Build | House |
| 41:41 | Build | House |
| 41:58 | Create | Monk |
| 42:23 | Create | Ghulam ×5 |
| 42:23 | Create | Ghulam ×5 |
| 42:23 | Create | Ghulam ×5 |
| 42:24 | Create | Ghulam ×5 |
| 42:28 | Create | Ghulam ×5 |
| 42:29 | Create | Ghulam ×5 |
| 42:29 | Create | Ghulam ×5 |
| 43:19 | Create | Ghulam ×5 |
| 43:38 | Research | Iron Casting |
Build order — DeStruction
First 150 of 867 actions detected
| 0:02 | Create | Villager (Male) |
| 0:02 | Create | Villager (Male) |
| 0:03 | Create | Villager (Male) |
| 0:03 | Create | Villager (Male) |
| 0:03 | Create | Villager (Male) |
| 0:04 | Research | Loom |
| 0:11 | Build | House |
| 0:12 | Build | House |
| 0:13 | Build | House |
| 1:19 | Build | Mill |
| 2:28 | Create | Villager (Male) |
| 2:29 | Create | Villager (Male) |
| 3:12 | Create | Villager (Male) |
| 3:12 | Create | Villager (Male) |
| 3:35 | Create | Villager (Male) |
| 3:35 | Create | Villager (Male) |
| 4:09 | Create | Villager (Male) |
| 4:10 | Create | Villager (Male) |
| 4:28 | Create | Villager (Male) |
| 4:28 | Create | Villager (Male) |
| 4:38 | Build | Lumber Camp |
| 5:00 | Create | Villager (Male) |
| 5:00 | Create | Villager (Male) |
| 5:15 | Create | Villager (Male) |
| 5:15 | Create | Villager (Male) |
| 5:31 | Create | Villager (Male) |
| 5:31 | Create | Villager (Male) |
| 6:06 | Build | Lumber Camp |
| 6:23 | Create | Villager (Male) |
| 6:24 | Create | Villager (Male) |
| 6:46 | Create | Villager (Male) |
| 6:46 | Create | Villager (Male) |
| 7:37 | Create | Villager (Male) |
| 7:37 | Create | Villager (Male) |
| 7:59 | Create | Villager (Male) |
| 7:59 | Create | Villager (Male) |
| 8:22 | Build | Mining Camp |
| 8:35 | Build | Mill |
| 8:38 | Create | Villager (Male) |
| 8:38 | Create | Villager (Male) |
| 9:03 | Build | House |
| 9:04 | Build | House |
| 9:06 | Build | House |
| 9:20 | Create | Villager (Male) |
| 9:20 | Create | Villager (Male) |
| 9:59 | Create | Villager (Male) |
| 10:00 | Create | Villager (Male) |
| 10:22 | Create | Villager (Male) |
| 10:22 | Create | Villager (Male) |
| 10:23 | Create | Villager (Male) |
| 10:54 | Build | Lumber Camp |
| 11:03 | Build | House |
| 11:04 | Build | House |
| 11:06 | Build | House |
| 11:08 | Build | House |
| 11:08 | Build | House |
| 11:11 | Build | House |
| 11:12 | Build | House |
| 11:15 | Build | House |
| 11:21 | Create | Villager (Male) |
| 11:21 | Create | Villager (Male) |
| 11:21 | Create | Villager (Male) |
| 11:48 | Build | Barracks |
| 11:49 | Build | Barracks |
| 11:54 | Create | Villager (Male) |
| 12:06 | Create | Villager (Male) |
| 12:18 | Build | House |
| 12:34 | Create | Villager (Male) |
| 12:34 | Create | Villager (Male) |
| 13:03 | Create | Villager (Male) |
| 13:39 | Build | Farm |
| 13:42 | Create | Villager (Male) |
| 14:02 | Create | Villager (Male) |
| 14:05 | Build | Farm |
| 14:16 | Build | Barracks |
| 14:41 | Create | Villager (Male) |
| 14:47 | Build | Farm |
| 14:58 | Build | Mining Camp |
| 15:07 | Build | Mining Camp |
| 15:13 | Create | Villager (Male) |
| 15:22 | Build | Farm |
| 15:39 | Create | Villager (Male) |
| 15:43 | Build | Farm |
| 15:53 | Research | Feudal Age |
| 16:17 | Build | Farm |
| 16:25 | Build | Mining Camp |
| 16:30 | Create | Militia |
| 16:30 | Create | Militia |
| 16:47 | Create | Militia |
| 17:12 | Create | Villager (Male) |
| 17:29 | Create | Militia |
| 17:34 | Create | Militia |
| 17:36 | Create | Militia |
| 17:38 | Create | Militia |
| 17:39 | Create | Militia |
| 17:41 | Create | Militia |
| 18:03 | Build | Farm |
| 18:10 | Build | Farm |
| 18:13 | Create | Villager (Male) |
| 18:14 | Create | Villager (Male) |
| 18:15 | Age | Feudal Age |
| 18:36 | Build | Watch Tower |
| 18:42 | Research | Man-at-Arms (upgrade) |
| 18:54 | Build | Blacksmith |
| 18:56 | Build | Blacksmith |
| 18:58 | Create | Villager (Male) |
| 18:59 | Create | Villager (Male) |
| 18:59 | Create | Villager (Male) |
| 19:07 | Research | Arson |
| 19:20 | Build | Farm |
| 19:32 | Create | Villager (Male) |
| 19:39 | Build | Farm |
| 19:42 | Create | Villager (Male) |
| 19:56 | Research | Horse Collar |
| 20:12 | Build | Mining Camp |
| 20:15 | Create | Villager (Male) |
| 20:15 | Create | Villager (Male) |
| 20:41 | Build | Archery Range |
| 20:42 | Build | Archery Range |
| 20:43 | Build | Archery Range |
| 21:02 | Build | Lumber Camp |
| 21:09 | Build | Farm |
| 21:10 | Build | Farm |
| 21:18 | Build | Mill |
| 21:23 | Create | Villager (Male) |
| 21:23 | Create | Villager (Male) |
| 21:26 | Create | Spearman |
| 21:26 | Create | Spearman |
| 21:26 | Create | Spearman |
| 21:28 | Create | Spearman |
| 21:28 | Create | Spearman |
| 21:30 | Create | Spearman |
| 21:30 | Create | Spearman |
| 21:30 | Create | Spearman |
| 21:42 | Build | Farm |
| 21:57 | Create | Villager (Male) |
| 22:03 | Build | Farm |
| 22:04 | Build | Farm |
| 22:14 | Build | Market |
| 22:16 | Build | Market |
| 22:22 | Research | Double-Bit Axe |
| 22:30 | Build | Farm |
| 22:39 | Build | Farm |
| 22:49 | Create | Spearman |
| 22:49 | Create | Spearman |
| 22:53 | Create | Spearman |
| 22:53 | Create | Spearman |
| 22:59 | Build | Farm |
| 23:27 | Build | Farm |
| 23:34 | Create | Villager (Male) |
Match timeline
| 11:01 | Lukrat · first_building Barracks |
| 11:02 | 专干老外 · age_up feudal |
| 11:30 | danielcastrokirby · age_up feudal |
| 11:31 | skywalker · age_up feudal |
| 11:45 | 救救我吧 · age_up feudal |
| 11:48 | DeStruction · first_building Barracks |
| 11:50 | nemesisbasileus · age_up feudal |
| 13:43 | Amon Göth · first_building Barracks |
| 13:50 | Lukrat · age_up feudal |
| 15:01 | Amon Göth · age_up feudal |
| 16:01 | 救救我吧 · age_up castle |
| 16:28 | Lukrat · wall_segment Stone Wall x23 |
| 16:53 | 专干老外 · first_market_buy 100 food |
| 17:23 | Amon Göth · first_building Archery Range |
| 18:00 | danielcastrokirby · first_building Barracks |
| 18:15 | DeStruction · age_up feudal |
| 18:38 | nemesisbasileus · first_building Barracks |
| 19:05 | nemesisbasileus · age_up castle |
| 19:24 | 专干老外 · age_up castle |
| 19:37 | 专干老外 · first_building Castle |
| 19:49 | danielcastrokirby · age_up castle |
| 20:03 | nemesisbasileus · first_building Monastery |
| 20:41 | DeStruction · first_building Archery Range |
| 21:25 | nemesisbasileus · first_building Castle |
| 21:28 | danielcastrokirby · first_building Archery Range |
| 21:33 | Lukrat · first_building Stable |
| 21:37 | 救救我吧 · wall_segment Stone Wall x23 |
| 23:43 | 救救我吧 · first_building Barracks |
| 23:48 | skywalker · age_up castle |
| 23:52 | skywalker · first_building Castle |
| 23:53 | Amon Göth · first_market_buy 100 stone |
| 24:06 | danielcastrokirby · first_building Castle |
| 24:35 | nemesisbasileus · first_building Stable |
| 24:43 | DeStruction · first_building Stable |
| 24:45 | skywalker · first_building Barracks |
| 25:14 | danielcastrokirby · wall_segment Stone Wall x6 |
| 26:23 | skywalker · first_building Siege Workshop |
| 26:55 | Amon Göth · first_market_sell 100 wood |
| 27:13 | 救救我吧 · first_building Castle |
| 27:15 | skywalker · first_building Stable |
| 27:49 | DeStruction · first_market_buy 100 wood |
| 28:09 | 救救我吧 · first_building Monastery |
| 28:20 | Lukrat · age_up castle |
| 29:10 | DeStruction · age_up castle |
| 29:37 | Lukrat · first_building Castle |
| 29:38 | Amon Göth · age_up castle |
| 29:53 | Amon Göth · first_building Castle |
| 30:00 | 救救我吧 · first_building Stable |
| 30:10 | 专干老外 · first_building Barracks |
| 30:24 | DeStruction · first_building Castle |
| 31:14 | 专干老外 · first_building Archery Range |
| 31:45 | Lukrat · first_building Monastery |
| 32:21 | danielcastrokirby · age_up imperial |
| 33:00 | 救救我吧 · age_up imperial |
| 33:23 | Amon Göth · first_building Siege Workshop |
| 33:42 | 救救我吧 · first_market_sell 100 wood |
| 33:48 | nemesisbasileus · first_building Archery Range |
| 33:54 | nemesisbasileus · age_up imperial |
| 34:57 | nemesisbasileus · first_market_sell 100 wood |
| 39:02 | skywalker · age_up imperial |
| 41:02 | 救救我吧 · first_building Siege Workshop |
| 41:16 | Lukrat · first_building Siege Workshop |
| 41:22 | danielcastrokirby · first_building Monastery |
| 41:24 | Lukrat · first_building Archery Range |
| 41:54 | 专干老外 · age_up imperial |
| 45:53 | danielcastrokirby · wall_segment Stone Wall x8 |
| 45:54 | skywalker · first_market_sell 500 wood |
| 49:08 | danielcastrokirby · first_building Stable |
| 50:22 | danielcastrokirby · wall_segment Stone Wall x1 |
| 50:32 | nemesisbasileus · first_building Siege Workshop |
| 50:35 | Lukrat · age_up imperial |
| 51:48 | Lukrat · first_market_sell 500 wood |
| 53:43 | Amon Göth · age_up imperial |
| 53:47 | DeStruction · age_up imperial |
| 55:22 | skywalker · wall_segment Palisade Wall x7 |
| 57:51 | skywalker · wall_segment Palisade Wall x12 |
| 59:02 | 救救我吧 · first_market_buy 100 food |
| 63:27 | Lukrat · wall_segment Stone Wall x19 |
| 63:55 | skywalker · wall_segment Palisade Wall x11 |
| 65:48 | 专干老外 · first_market_sell 100 stone |
| 66:41 | danielcastrokirby · resign |
| 72:49 | Lukrat · first_market_buy 100 stone |
| 74:35 | Amon Göth · first_building Stable |
| 75:21 | DeStruction · first_market_sell 100 wood |
[ AI ANALYSIS · 1 CREDIT ]
What really happened in this match?
Wolo.gg analyzes every decision: build order, eco, micro, common mistakes by bracket. Personalized analysis on WhatsApp or Discord in 30 seconds.
Civ guide
Saracens
Map guide
Arena
Perfil
Lukrat